[Event "17th Izmir Open 2018"]
[Site "Izmir"]
[Date "2018.09.12"]
[Round "6.7"]
[White "Sekerci, Berkin"]
[Black "Guncan, Berke"]
[Result "0-1"]
[ECO "B27"]
[WhiteElo "1815"]
[BlackElo "1946"]
[Annotator "NA RC"]
[PlyCount "76"]
[EventDate "2018.09.09"]
[EventType "swiss"]
[EventCountry "TUR"]
[SourceTitle "playchess.com"]
[Source "ChessBase"]
[SourceQuality "1"]
[TimeControl "5400+30"]

1. e4 c5 2. Nf3 g6 3. c3 Bg7 4. d4 cxd4 5. cxd4 d5 6. e5 Bg4 7. Bb5+ Nc6 8. Bxc6+ bxc6 9. Nbd2 Nh6 {B27: Sicilian: 2 Nf3, unusual Black 2nd moves} (9... a5 10. h3 Bf5 11. O-O a4 12. Re1 Qb6 13. Nb1 Bd7 14. Nc3 Qa7 15. Bf4 e6 16. Qd2 c5 17. dxc5 Qxc5 {1-0 (53) Berelowitsch,A (2522)-Cicak,S (2512) Germany 2017}) 10. h3 Bxf3 11. Qxf3 ({Günstiger ist} 11. Nxf3 $16 O-O 12. O-O) 11... O-O 12. O-O Nf5 $146 ({Predecessor:} 12... f6 13. e6 Nf5 14. Nb3 {0-1 (46) He,B (1564)-Burnett,W (2039) Edinburgh 2011}) 13. Nb3 Qb6 14. Qc3 f6 $1 15. e6 ({Better is} 15. Bd2 $14) 15... Nd6 16. f3 f5 17. Be3 Nc4 18. Bf2 a5 19. Rab1 {[#]} a4 $1 20. Nc5 {[#]} ({White should try} 20. Nc1 $1 $15) 20... Qxc5 $1 21. dxc5 Bxc3 22. bxc3 Nd2 23. Rb7 Nxf1 24. Kxf1 Rfb8 25. Rxe7 Re8 26. Rc7 Rxe6 27. Bd4 h5 28. Rg7+ Kf8 29. Rh7 Rae8 30. Rh8+ Ke7 31. Rh7+ Kd8 32. Ra7 Re1+ 33. Kf2 f4 34. Ra8+ Kd7 35. Ra7+ Kc8 36. Ra8+ Kb7 37. Rxe8 Rxe8 38. h4 Ka6 $19 0-1

[Event "17th Izmir Open 2018"]
[Site "Izmir"]
[Date "2018.09.12"]
[Round "6.8"]
[White "Camlar, Arda"]
[Black "Unlu, Alp Bugra"]
[Result "1-0"]
[ECO "C26"]
[WhiteElo "1675"]
[BlackElo "1888"]
[Annotator "NA"]
[PlyCount "63"]
[EventDate "2018.09.09"]
[EventType "swiss"]
[EventCountry "TUR"]
[SourceTitle "playchess.com"]
[Source "ChessBase"]
[SourceQuality "1"]
[TimeControl "5400+30"]

1. e4 e5 2. Nc3 Nf6 3. g3 Bc5 4. Bg2 Nc6 5. h3 d6 6. Nge2 a6 {C26: Vienna Game: 2...Nf6, sidelines} 7. O-O {LiveBook: 33 Games} h5 (7... Be6 8. d3 Qd7 9. Kh2 h5 {Predecessor:} 10. Bg5 O-O-O (10... h4 11. Bxh4 Ng4+ 12. Kg1 Nxf2 13. Rxf2 Bxf2+ 14. Kxf2 f6 {0-1 (23) Calderon,E-Kloster,J ICCF email 2010}) 11. Nd5 Bxd5 12. exd5 Ne7 13. d4 Ba7 14. Bxf6 gxf6 {0-1 (40) Bartel,M (2629)-Ragger,M (2655) Warsaw 2012}) 8. d3 Be6 9. Bg5 Qd7 10. Bxf6 $146 gxf6 11. Kh2 O-O-O 12. f4 f5 13. fxe5 dxe5 14. exf5 Bxf5 15. Ne4 Be7 16. N2c3 {[#]} Rdg8 $2 (16... Bg4 $1 $17 17. hxg4 hxg4+ 18. Kg1 f5) 17. Nd5 $1 Rg6 18. Nxe7+ Nxe7 19. Nc5 Qd4 20. Ne4 (20. Bxb7+ $11 {hält das Gleichgewicht.} Kb8 21. b4) 20... Rhg8 ({But not} 20... Qxb2 21. Rb1 $11) 21. c3 $15 Qb6 22. Qb3 Qxb3 23. axb3 Bxe4 24. Bxe4 f5 25. Rxf5 Rxg3 26. Rxe5 Kd7 27. Re1 c6 28. Bh7 Rg2+ 29. Kh1 R8g3 30. Rxe7+ Kc8 31. Bf5+ Kb8 32. R7e2 1-0

[Event "17th Izmir Open 2018"]
[Site "Izmir"]
[Date "2018.09.12"]
[Round "6.9"]
[White "Akbas, Umut Ata"]
[Black "Bicer, Atakan Mert"]
[Result "1-0"]
[ECO "B12"]
[WhiteElo "1617"]
[BlackElo "1843"]
[Annotator "NA"]
[PlyCount "39"]
[EventDate "2018.09.09"]
[EventType "swiss"]
[EventCountry "TUR"]
[SourceTitle "playchess.com"]
[Source "ChessBase"]
[SourceQuality "1"]
[TimeControl "5400+30"]

1. e4 c6 2. d4 d5 3. e5 c5 4. dxc5 Nc6 5. Nf3 Bg4 6. Bb5 e6 {B12: Caro-Kann: Advance Variation} 7. c4 (7. b4 $1 $14 a5 8. c3 g6 9. Qa4 Qc7 10. Nd4 Nge7 11. Bf4 f6 12. Bd3 Qb8 13. b5 Nxe5 14. O-O {½-½ (52) Onischuk,V (2612)-Motylev,A (2653) Al Ain 2015}) 7... dxc4 $146 ({Predecessor:} 7... Bxc5 8. cxd5 Qxd5 9. Qxd5 exd5 10. Nc3 O-O-O 11. Bg5 Nge7 12. Bxc6 bxc6 13. Nd2 h6 14. Bh4 {0-1 (57) Radic,B (2100)-Zivkovic,D Obrenovac 2004}) 8. Qe2 Bxf3 (8... Bxc5 $15 9. Bxc6+ bxc6) 9. gxf3 (9. Qxf3 $11 Qd5 10. Be3) 9... Bxc5 10. Rg1 (10. Qxc4 $15 Qd4 11. Qxd4 Bxd4 12. f4) 10... Nge7 11. Nc3 Qb6 12. Rxg7 Nf5 13. Rg2 Nfd4 14. Qxc4 {[#]} Nxf3+ ({Weaker is} 14... Nc2+ 15. Kf1 $11) (14... O-O-O $1 $19 15. Bxc6 Qxc6) 15. Kf1 {[#]} Nfxe5 (15... O-O-O $1 $17 16. Bg5 Ncxe5) 16. Qe2 $1 Bd6 $2 (16... O-O-O $11 {and Black has nothing to worry.}) 17. Bg5 Nd7 $2 (17... a6 $16) 18. Rd1 Nd4 19. Qd3 e5 20. a4 $18 1-0

[Event "17th Izmir Open 2018"]
[Site "Izmir"]
[Date "2018.09.12"]
[Round "6.10"]
[White "Isilak, Enes"]
[Black "Acikgoz, Kagan Kerem"]
[Result "1-0"]
[ECO "D78"]
[WhiteElo "1830"]
[BlackElo "1751"]
[Annotator "NA"]
[PlyCount "89"]
[EventDate "2018.09.09"]
[EventType "swiss"]
[EventCountry "TUR"]
[SourceTitle "playchess.com"]
[Source "ChessBase"]
[SourceQuality "1"]
[TimeControl "5400+30"]

1. d4 Nf6 2. Nf3 g6 3. c4 Bg7 4. g3 O-O 5. Bg2 c6 6. O-O d5 7. b3 c5 {LiveBook: 38 Games} 8. e3 Nc6 9. Bb2 Qc7 10. Nbd2 Rd8 11. cxd5 Nxd5 $11 12. Rc1 b6 13. Qe2 cxd4 14. Nxd4 Nxd4 15. Bxd4 Qd7 16. Bxg7 Kxg7 17. Rfd1 Bb7 18. e4 Nb4 19. Nc4 Qe8 20. Qe1 Na6 21. Qc3+ Kg8 22. h4 Nc5 23. Qe3 Rxd1+ 24. Rxd1 Rd8 25. Rd4 Rxd4 26. Qxd4 Qd7 27. Qxd7 Nxd7 28. f4 Nc5 29. Nd2 Nd3 30. Bf1 Nc5 31. e5 Ne4 32. Nxe4 Bxe4 33. Kf2 Kf8 34. Bb5 e6 35. Ke3 Bd5 36. h5 Ke7 37. Bd3 f5 38. exf6+ Kxf6 39. h6 e5 40. fxe5+ Kxe5 41. Bxg6 Bg8 42. Bd3 a5 43. Bc4 Bxc4 44. bxc4 a4 45. a3 1-0

[Event "17th Izmir Open 2018"]
[Site "Izmir"]
[Date "2018.09.12"]
[Round "7.3"]
[White "Arat, Ufuk Sezen"]
[Black "Bozkurt, Atilla"]
[Result "1-0"]
[ECO "B07"]
[WhiteElo "2385"]
[BlackElo "1755"]
[Annotator "NA"]
[PlyCount "79"]
[EventDate "2018.09.09"]
[EventType "swiss"]
[EventCountry "TUR"]
[SourceTitle "playchess.com"]
[Source "ChessBase"]
[SourceQuality "1"]
[TimeControl "5400+30"]

1. d4 d6 2. Nf3 Nf6 3. Nbd2 g6 4. e4 Bg7 5. Bd3 O-O 6. O-O c6 7. c3 Qc7 8. Re1 e5 9. h3 Nbd7 10. a4 h6 11. a5 g5 12. Nf1 Rd8 13. Ng3 Nf8 14. Nf5 Ng6 15. Qc2 Bxf5 16. exf5 Nf4 17. dxe5 Nxd3 18. Qxd3 dxe5 19. Qc2 Rd5 20. a6 b5 21. Nd2 Rad8 22. Ne4 Nxe4 23. Qxe4 f6 24. Be3 Bf8 25. c4 bxc4 26. Qxc4 Kg7 27. Rac1 Rc8 28. Red1 Rd6 29. Bc5 Rd7 30. Bxf8+ Kxf8 31. Qe6 Rf7 32. b4 e4 33. b5 c5 34. Qxe4 Qb6 35. Qc4 Re7 36. Rd5 Rcc7 37. Rd8+ Re8 38. Rxe8+ Kxe8 39. Qg8+ Ke7 40. Re1+ 1-0

[Event "17th Izmir Open 2018"]
[Site "Izmir"]
[Date "2018.09.12"]
[Round "7.4"]
[White "Guseynov, Alihan"]
[Black "Isilak, Enes"]
[Result "1-0"]
[ECO "D97"]
[WhiteElo "2297"]
[BlackElo "1830"]
[Annotator "NA"]
[PlyCount "67"]
[EventDate "2018.09.09"]
[EventType "swiss"]
[EventCountry "TUR"]
[SourceTitle "playchess.com"]
[Source "ChessBase"]
[SourceQuality "1"]
[TimeControl "5400+30"]

1. d4 Nf6 2. c4 g6 3. Nc3 d5 4. Nf3 Bg7 5. Qb3 dxc4 6. Qxc4 O-O 7. e4 a6 8. e5 b5 9. Qb3 Nfd7 10. h4 c5 11. e6 c4 12. Qd1 fxe6 13. h5 e5 14. hxg6 hxg6 15. Bh6 exd4 16. Nxd4 Ne5 17. Qd2 Nf7 18. Bxg7 Kxg7 19. a4 b4 20. Bxc4 bxc3 21. Ne6+ Bxe6 22. Qxc3+ Ne5 23. Qxe5+ Rf6 24. Bxe6 Qb6 25. Bd5 Qxf2+ 26. Kd1 Nc6 27. Bxc6 Rd8+ 28. Kc1 Qd2+ 29. Kb1 Qd3+ 30. Ka2 Qc4+ 31. b3 Qb4 32. Rad1 Rd2+ 33. Rxd2 Qxd2+ 34. Ka3 1-0

[Event "17th Izmir Open 2018"]
[Site "Izmir"]
[Date "2018.09.12"]
[Round "7.5"]
[White "Mohannad, Farhan"]
[Black "Camlar, Arda"]
[Result "1/2-1/2"]
[ECO "D36"]
[WhiteElo "2201"]
[BlackElo "1675"]
[Annotator "NA"]
[PlyCount "134"]
[EventDate "2018.09.09"]
[EventType "swiss"]
[EventCountry "TUR"]
[SourceTitle "playchess.com"]
[Source "ChessBase"]
[SourceQuality "1"]
[TimeControl "5400+30"]

1. d4 d5 2. c4 e6 3. Nf3 Nf6 4. Nc3 Nbd7 5. Bg5 c6 6. cxd5 exd5 7. Qc2 Be7 8. e3 O-O 9. Bd3 Re8 10. O-O Nf8 11. Ne5 Ng6 12. Nxg6 hxg6 13. Rab1 Bd7 14. b4 b5 15. a3 Ne4 16. Bxe7 Qxe7 17. Bxe4 dxe4 18. a4 a6 19. a5 f5 20. Ne2 Rac8 21. Nf4 Qf7 22. Qc5 g5 23. Ne2 Be6 24. Ng3 Bd5 25. Ne2 f4 26. Nc3 f3 27. Qd6 fxg2 28. Rfc1 Bc4 29. Qg3 Qf5 30. Qxg2 g4 31. Kh1 Bd3 32. Rb2 Re6 33. Ne2 Rh6 34. Rc5 Qf3 35. Qxf3 gxf3 36. Nf4 Bc4 37. Rb1 Kf7 38. Rf5+ Rf6 39. Rxf6+ Kxf6 40. Nh5+ Kf7 41. Ng3 Bd5 42. Nf5 Rc7 43. Rg1 Kf6 44. Ng3 g6 45. Rc1 Rh7 46. Rc5 Rh4 47. Rc2 Rg4 48. Rc1 Rh4 49. Rg1 Rh7 50. Nf1 Kf5 51. Nd2 Rh5 52. Nf1 Rh7 53. Ng3+ Kf6 54. Rc1 Rh8 55. Nf1 Rh4 56. Rc2 Rg4 57. Ng3 Rh4 58. Kg1 Rg4 59. Rc1 Rh4 60. Rd1 Rg4 61. Kh1 Rh4 62. Rg1 Rh7 63. Nf1 Kf5 64. Nd2 Rh4 65. Rg3 Rg4 66. Nb1 Rxg3 67. hxg3 g5 1/2-1/2

[Event "17th Izmir Open 2018"]
[Site "Izmir"]
[Date "2018.09.12"]
[Round "7.6"]
[White "Guncan, Berke"]
[Black "Grigoriev, Armen"]
[Result "1-0"]
[ECO "B03"]
[WhiteElo "1946"]
[BlackElo "2067"]
[Annotator "NA"]
[PlyCount "51"]
[EventDate "2018.09.09"]
[EventType "swiss"]
[EventCountry "TUR"]
[SourceTitle "playchess.com"]
[Source "ChessBase"]
[SourceQuality "1"]
[TimeControl "5400+30"]

1. e4 Nf6 2. e5 Nd5 3. d4 d6 4. c4 Nb6 5. f4 dxe5 6. fxe5 Bf5 7. Nc3 e6 8. Be3 Bb4 9. Nf3 O-O 10. Be2 Nc6 11. O-O Bxc3 12. bxc3 Na5 13. c5 Nbc4 14. Bg5 Qd5 15. Nd2 Nxd2 16. Qxd2 Qd7 17. Rf3 b6 18. Bd3 Bg6 19. cxb6 cxb6 20. Raf1 Nc6 21. h4 Rac8 22. h5 Bxd3 23. Rxd3 Ne7 24. Bf6 Ng6 25. hxg6 hxg6 26. Rh3 1-0

[Event "17th Izmir Open 2018"]
[Site "Izmir"]
[Date "2018.09.12"]
[Round "7.7"]
[White "Kirilmaz, Emre"]
[Black "Akbas, Umut Ata"]
[Result "1-0"]
[ECO "A45"]
[WhiteElo "2017"]
[BlackElo "1617"]
[Annotator "NA"]
[PlyCount "95"]
[EventDate "2018.09.09"]
[EventType "swiss"]
[EventCountry "TUR"]
[SourceTitle "playchess.com"]
[Source "ChessBase"]
[SourceQuality "1"]
[TimeControl "5400+30"]

1. d4 Nf6 2. c3 e6 3. Bg5 h6 4. Bh4 g5 5. Bg3 Nh5 6. e4 Nxg3 7. hxg3 Bg7 8. Nf3 d6 9. Nbd2 Nd7 10. Bd3 Qe7 11. Qe2 a6 12. O-O-O b5 13. Nh2 c5 14. d5 Nb6 15. Rhe1 Na4 16. Nb1 b4 17. Bc2 Bd7 18. dxe6 fxe6 19. Qh5+ Kd8 20. e5 d5 21. c4 d4 22. f4 Kc7 23. Nf3 Nb6 24. Nbd2 Raf8 25. fxg5 hxg5 26. Qg4 Bc6 27. Kb1 Rh6 28. b3 Nd7 29. Be4 Bxe4+ 30. Nxe4 Rf5 31. Nd6 Rxe5 32. Ne4 Nf6 33. Nxf6 Rxe1 34. Nd5+ exd5 35. Rxe1 Qf6 36. Qxg5 Qxg5 37. Nxg5 Rg6 38. Ne6+ Kd6 39. Nf4 Rxg3 40. Re6+ Kd7 41. cxd5 Rg4 42. Nd3 Rxg2 43. Nxc5+ Kd8 44. Rxa6 Be5 45. d6 Rg1+ 46. Kc2 d3+ 47. Kxd3 Rd1+ 48. Ke4 1-0

[Event "17th Izmir Open 2018"]
[Site "Izmir"]
[Date "2018.09.12"]
[Round "7.8"]
[White "Taskin, Arda"]
[Black "Cilek, Bora"]
[Result "0-1"]
[ECO "E81"]
[WhiteElo "1682"]
[BlackElo "1955"]
[Annotator "NA"]
[PlyCount "62"]
[EventDate "2018.09.09"]
[EventType "swiss"]
[EventCountry "TUR"]
[SourceTitle "playchess.com"]
[Source "ChessBase"]
[SourceQuality "1"]
[TimeControl "5400+30"]

1. d4 Nf6 2. c4 g6 3. Nc3 Bg7 4. e4 d6 5. Bd3 O-O 6. Nge2 e5 7. d5 a5 8. f3 Na6 9. Be3 Ne8 10. O-O f5 11. a3 f4 12. Bf2 Nc5 13. Bc2 g5 14. b4 axb4 15. axb4 Rxa1 16. Qxa1 Na6 17. Qb1 b6 18. Bd3 g4 19. fxg4 f3 20. gxf3 Rxf3 21. Ng3 Qg5 22. Kg2 Bxg4 23. c5 Nxb4 24. Bb5 bxc5 25. Bxe8 Rxc3 26. Qa1 Bf3+ 27. Kg1 Rc2 28. Qa8 Bf8 29. Qc8 Qf6 30. Qxc7 Nd3 31. Bh5 Rxf2 0-1

[Event "17th Izmir Open 2018"]
[Site "Izmir"]
[Date "2018.09.12"]
[Round "7.9"]
[White "Dere, Abdullah Dogukan"]
[Black "Aydin, Akin"]
[Result "1/2-1/2"]
[ECO "A07"]
[WhiteElo "1938"]
[BlackElo "1726"]
[Annotator "NA"]
[PlyCount "82"]
[EventDate "2018.09.09"]
[EventType "swiss"]
[EventCountry "TUR"]
[SourceTitle "playchess.com"]
[Source "ChessBase"]
[SourceQuality "1"]
[TimeControl "5400+30"]

1. Nf3 Nf6 2. g3 d5 3. Bg2 e6 4. O-O Be7 5. d3 O-O 6. Nc3 c5 7. e4 Nc6 8. e5 Nd7 9. Re1 Rb8 10. a4 a6 11. Bf4 b5 12. axb5 axb5 13. h4 Re8 14. h5 h6 15. Nh2 Bg5 16. Qg4 Bxf4 17. gxf4 Nd4 18. Re3 f5 19. exf6 Nxf6 20. Qg6 Nf5 21. Re5 Ne7 22. Qg3 Nc6 23. Ne2 Qc7 24. Bf3 Qf7 25. Kh1 Rf8 26. Rg1 Rb7 27. Re3 Nxh5 28. Qh4 Nxf4 29. Qxh6 Nxe2 30. Bxe2 Qf4 31. Qh5 Qf5 32. Rg5 Qf7 33. Rxg7+ Qxg7 34. Rg3 Nd4 35. Rxg7+ Rxg7 36. Ng4 Nf5 37. Kg1 Rf6 38. Qe8+ Rf8 39. Qh5 Rf6 40. Qe8+ Rf8 41. Qh5 Rf6 1/2-1/2

[Event "17th Izmir Open 2018"]
[Site "Izmir"]
[Date "2018.09.12"]
[Round "7.10"]
[White "Ozkeskin, Nazim Efe"]
[Black "Kalemler, Kaan"]
[Result "1-0"]
[ECO "B06"]
[WhiteElo "1538"]
[BlackElo "1846"]
[Annotator "NA"]
[PlyCount "53"]
[EventDate "2018.09.09"]
[EventType "swiss"]
[EventCountry "TUR"]
[SourceTitle "playchess.com"]
[Source "ChessBase"]
[SourceQuality "1"]
[TimeControl "5400+30"]

1. e4 g6 2. d4 Bg7 3. Nc3 d6 4. Be3 a6 5. Qd2 b5 6. f3 Bb7 7. O-O-O Nd7 8. g4 h6 9. h4 Rc8 10. Nge2 c5 11. Ng3 b4 12. Nce2 Qa5 13. dxc5 Qxa2 14. Qxb4 Nxc5 15. Bxc5 dxc5 16. Qb6 c4 17. Nc3 Bxc3 18. bxc3 Bc6 19. Rd4 Ba4 20. Rh2 Nf6 21. Bxc4 Qa1+ 22. Kd2 O-O 23. Rh1 Qa3 24. g5 Nd7 25. Qxg6+ Kh8 26. Qxh6+ Kg8 27. Nf5 1-0